 Dungeon Crawl Stone Soup version 0.30-a0-702-gdf48620a09 (webtiles) character file.

Game seed: 10121126152380039115

8 flotson the Sneak (level 2, 0/24 HPs)
             Began as a Demonspawn Delver on Jan 21, 2023.
             Slain by a hobgoblin
             ... wielding a +0 mace
              (5 damage)
             ... on level 4 of the Dungeon.
             The game lasted 00:01:10 (288 turns).

flotson the Sneak (Demonspawn Delver)                Turns: 288, Time: 00:01:11

Health: 0/24       AC:  6    Str: 12    XL:     2   Next: 0%
Magic:  2/2        EV:  9    Int: 11    God:
Gold:   28         SH:  0    Dex: 14    Spells: 1/1 levels left

rFire   . . .      SeeInvis .    a - +0 hand axe
rCold   . . .      Faith    .    (no shield)
rNeg    . . .      Spirit   .    j - +0 scale mail
rPois   .          Reflect  .    (helmet restricted)
rElec   .          Harm     .    (no cloak)
rCorr   .          Rampage  .    (no gloves)
Will    .....                    (no boots)
Stlth   +                        (no amulet)
HPRegen 0.24/turn                (no ring)
MPRegen 0.08/turn                (no ring)

@: no status effects
A: horns 1
a: no special abilities


You were on level 4 of the Dungeon.
You visited 1 branch of the dungeon, and saw 2 of its levels.

You collected 28 gold pieces.

Inventory:

Hand Weapons
 a - a +0 hand axe (weapon)
Missiles
 b - 4 poisoned darts (quivered)
Armour
 j - a +0 scale mail (worn)
Wands
 g - a wand of digging (3)
Scrolls
 c - a scroll of fog
 d - a scroll of magic mapping
 e - a scroll of fear
 h - a scroll of butterflies {unknown}
Potions
 f - a potion of haste


   Skills:
 + Level 3.1 Fighting
 + Level 1.8 Axes
 + Level 0.4 Throwing
 + Level 0.3 Armour
 + Level 1.9 Dodging
 + Level 4.5 Stealth
 + Level 0.2 Evocations


You had one spell level left.
You didn't know any spells.
Your spell library was empty.

Dungeon Overview and Level Annotations

Branches:
Dungeon (5/15)
 Temple: D:4-7

Altars:


Innate Abilities, Weirdness & Mutations

You have a pair of small horns on your head.


Message History

You continue taking off your +0 chain mail. x4
You finish taking off your +0 chain mail.
You start putting on your armour.
You continue putting on your +0 scale mail. x5
You finish putting on your +0 scale mail.
You drop a +0 chain mail.
A worm comes into view.
A hobgoblin comes into view. It is wielding a +0 mace.
Found a stone staircase leading down.
The hobgoblin shouts!
You hit the worm but do no damage.
You hear a shout!
You hit the worm. Your headbutt misses the worm.
The worm is lightly wounded.
The worm bites you.
You hit the worm.
The worm is lightly wounded.
The worm bites you but does no damage. The hobgoblin hits you with a +0 mace.
You are too injured to fight recklessly!
You are too injured to fight recklessly!
You are too injured to fight recklessly!
You are too injured to fight recklessly!
You are too injured to fight recklessly!
You are too injured to fight recklessly!
You are too injured to fight recklessly!
You are too injured to fight recklessly!
You closely miss the hobgoblin. The hobgoblin barely misses you.
You hit the worm.
The worm is moderately wounded.
You hit the worm.
The worm is severely wounded.
The worm bites you but does no damage.
You hit the worm.
The worm is almost dead.
The worm bites you!
* * * LOW HITPOINT WARNING * * *
You hit the worm.
You kill the worm!
The hobgoblin hits you with a +0 mace.
You die...

.
#.#...###.#
.. #...###
#.# P..
#..## #.#
.... #.##
#.# #
....P###.#
#.######
.....P...#
#.......
...####.##
#....... #
##.#
#.......
+.. #@.#
#......†
#....###g##
##+##+##
#....# #
#....# +
+....# #
#....# #
#....# #
#.....
#..>..


You could see a hobgoblin.

Vanquished Creatures
  A worm (D:4)
  An orc (D:4)
  An endoplasm (D:4)
  2 hobgoblins (D:4)
  A quokka (D:4)
  A ball python (D:4)
7 creatures vanquished.

Notes
Turn   | Place    | Note
-------+----------+-------------------------------------------
     0 | D:5      | flotson the Demonspawn Delver began the quest for the Orb.
     0 | D:5      | Reached XP level 1. HP: 18/18 MP: 1/1
    72 | D:4      | Noticed a black bear
   199 | D:4      | Gained mutation: You have a pair of small horns on your
                  | head. [demonic ancestry]
   199 | D:4      | Reached XP level 2. HP: 8/24 MP: 2/2
   288 | D:4      | Slain by a hobgoblin

Illustrated notes

Levels and vault maps discovered:
D:4:      layout_gridville, kiku_gazebo_garden_becter
D:5:      layout_loops_ring, temple_statues

Action                   || total
-------------------------++-------
Melee: Hand axe          ||    25
       Punch             ||     1
Armor: Chain mail        ||     7
       Scale mail        ||     2
Dodge: Dodged            ||     9

Table legend: (Time is in decaauts)
 A = Elapsed time spent in this place.
 B = Non-inter-level travel time spent in this place.
 C = Inter-level travel time spent in this place.
 D = Time resting spent in this place.
 E = Time spent auto-exploring this place.
 F = Levels seen in this place.
 G = Mean time per level.
                   A        B        C        D        E       F      G
               +--------+--------+--------+--------+--------+-----+--------+
         Total |    292 |    292 |      0 |      0 |    141 |   2 |  146.0 |
       Dungeon |    292 |    292 |      0 |      0 |    141 |   2 |  146.0 |
               +--------+--------+--------+--------+--------+-----+--------+

Top non-repeatable levels by time:
     D:4: 231 daAuts
     D:5: 61 daAuts
